 Dungeon Crawl Stone Soup version 0.23.2-40-g277498a001 (webtiles) character file.

Game seed: 8893247766246466456

256 Aggronaut the Skirmisher (level 5, 0/43 HPs)
             Began as a Demonspawn Monk on Oct 1, 2019.
             Was a Priest of Kikubaaqudgha.
             Slain by Grinder (4 damage)
             ... on level 4 of the Dungeon.
             The game lasted 00:10:38 (3366 turns).

Aggronaut the Skirmisher (Demonspawn Monk)          Turns: 3366, Time: 00:10:39

Health: 0/43       AC: 10    Str: 12    XL:     5   Next: 92%
Magic:  5/5        EV: 12    Int: 17    God:    Kikubaaqudgha [***...]
Gold:   261        SH:  0    Dex: 15    Spells: 3/4 levels left

rFire    . . .     SeeInvis .     - Unarmed
rCold    . . .     Gourm    .   (no shield)
rNeg     . . .     Faith    .   g - +3 leather armour
rPois    .         Spirit   .   (helmet restricted)
rElec    .         Reflect  .   k - +2 cloak
rCorr    .         Harm     .   (no gloves)
MR       .....                  f - +0 pair of boots
Stlth    ++........             (no amulet)
HPRegen  0.14/turn              (no ring)
MPRegen  0.09/turn              (no ring)

@: brilliant
A: horns 2
a: Receive Corpses, Renounce Religion


You were on level 4 of the Dungeon.
You worshipped Kikubaaqudgha.
Kikubaaqudgha was most pleased with you.
You were very hungry.

You visited 1 branch of the dungeon, and saw 4 of its levels.

You collected 261 gold pieces.

Inventory:

Armour
 f - a +0 pair of boots (worn)
 g - a +3 leather armour (worn)
 k - a +2 cloak (worn)
Scrolls
 c - a scroll of magic mapping
 h - a scroll of remove curse
Comestibles
 b - 5 rations


   Skills:
 + Level 4.9 Fighting
 - Level 2.6 Dodging
 - Level 1.7 Stealth
 * Level 4.8 Unarmed Combat
 + Level 0.0 Necromancy


You had 3 spell levels left.
You knew the following spells:

 Your Spells              Type           Power        Failure   Level  Hunger
a - Pain                  Necr           ##..         3%          1    ##.....

Your spell library contained the following spells:

 Spells                   Type           Power        Failure   Level  Hunger
 Animate Skeleton         Necr           N/A          3%          1    ##.....
 Sublimation of Blood     Necr           ##........   5%          2    ###....
 Vampiric Draining        Necr           ##........   10%         3    ####...
 Borgnjor's Vile Clutch   Necr/Erth      ##........   56%         5    ######.
 Dispel Undead            Necr           ##......     56%         5    ######.
 Excruciating Wounds      Chrm/Necr      ##........   56%         5    ######.
 Death Channel            Necr           ##........   96%         6    #######
 Simulacrum               Ice/Necr       ##........   96%         6    #######


Dungeon Overview and Level Annotations

Branches:
Dungeon (4/15)
 Temple: D:4-7

Altars:
Gozag
Hepliaklqana
Kikubaaqudgha

Annotations:
D:4 Grinder


Innate Abilities, Weirdness & Mutations

You have a pair of horns on your head.


Message History

You closely miss Grinder.
Grinder is severely wounded.
Grinder completely misses you.
You hit Grinder.
Grinder is severely wounded.
Grinder gestures at you. Pain shoots through your body!
* * * LOW HITPOINT WARNING * * *
Okay, then.
You feel clever all of a sudden. Grinder gestures at you.
You resist with significant effort.
You barely miss Grinder. You headbutt Grinder.
Grinder is severely wounded.
Grinder barely misses you.
You barely miss Grinder. Your headbutt misses Grinder.
Grinder is severely wounded.
Grinder hits you.
You die...
Kikubaaqudgha rasps: "You have failed me!
Welcome... death!"

# ####.#
####....#
#....####
#.##.5@.#
#.#####<# #.# #.#
###.### #..
#.....# ##.#
####.###.####.#
#....# #......#
#.##.###.###.....
#.##.....# ..##


You could see Grinder.

Vanquished Creatures
  A scorpion (D:2)
  Crazy Yiuf (D:2)
  Jessica (D:1)
  Robin (D:3)
  A worker ant zombie (D:3)
  2 adders (D:2)
  2 worms
  A dart slug (D:1)
  3 leopard geckos (D:2)
  6 orcs (D:3)
  2 ball pythons
  5 giant cockroaches
  26 goblins
  14 hobgoblins
  4 kobolds
  2 quokkas (D:2)
  7 bats
  3 frilled lizards
  9 rats
91 creatures vanquished.

Notes
Turn   | Place    | Note
-------+----------+-------------------------------------------
     0 | D:1      | Aggronaut the Demonspawn Monk began the quest for the Orb.
     0 | D:1      | Reached XP level 1. HP: 18/18 MP: 1/1
   261 | D:1      | Gained mutation: You have a pair of small horns on your
                  | head. [demonic ancestry]
   261 | D:1      | Reached XP level 2. HP: 14/24 MP: 2/2
  1065 | D:2      | Noticed Jessica
  1076 | D:2      | Reached XP level 3. HP: 27/30 MP: 3/3
  1097 | D:1      | Killed Jessica
  1347 | D:2      | Reached XP level 4. HP: 19/37 MP: 4/4
  1718 | D:2      | Gained mutation: You have a pair of horns on your head.
                  | [demonic ancestry]
  1718 | D:2      | Reached XP level 5. HP: 40/43 MP: 5/5
  1765 | D:2      | Found a hazy altar of Hepliaklqana.
  1987 | D:2      | Found a runed translucent door.
  1988 | D:2      | Noticed Crazy Yiuf
  2203 | D:2      | Killed Crazy Yiuf
  2288 | D:3      | Found a faded altar of an unknown god.
  2328 | D:3      | Noticed Robin
  2688 | D:3      | Killed Robin
  2875 | D:3      | Became a worshipper of Kikubaaqudgha
  2875 | D:3      | Reached * piety under Kikubaaqudgha
  2875 | D:3      | Identified Kikubaaqudgha's Reference Book on Unholy Rites
                  | (Kikubaaqudgha gifted it to you on level 3 of the Dungeon)
  2875 | D:3      | Received a gift from Kikubaaqudgha
  2875 | D:3      | Reached ** piety under Kikubaaqudgha
  2881 | D:3      | Learned a level 1 spell: Pain
  2927 | D:3      | Found an opulent altar of Gozag.
  3095 | D:3      | Reached *** piety under Kikubaaqudgha
  3095 | D:3      | Identified Kikubaaqudgha's Guide on Dark Secrets
                  | (Kikubaaqudgha gifted it to you on level 3 of the Dungeon)
  3095 | D:3      | Received a gift from Kikubaaqudgha
  3229 | D:4      | Noticed Grinder
  3270 | D:4      | Paralysed by Grinder for 2 turns
  3366 | D:4      | Slain by Grinder

Skill      XL: |  1  2  3  4 |
---------------+-------------+-----
Unarmed Combat | 3 4 |  4.8
Fighting       | 4 |  4.9
Dodging        | |  2.6
Stealth        | |  1.7

Action                   |  1- 3 |  4- 6 || total
-------------------------+-------+-------++-------
Melee: Unarmed           |   109 |   221 ||   330
       Punch             |     1 |     6 ||     7
       Headbutt          |    13 |    40 ||    53
  Use: Scroll            |     1 |     8 ||     9
       Potion            |       |     6 ||     6
 Stab: Sleeping          |     4 |     1 ||     5
       Distracted        |       |     1 ||     1
  Eat: Chunk             |     1 |     6 ||     7
Armor: Robe              |     8 |       ||     8
       Leather armour    |    33 |    64 ||    97
Dodge: Dodged            |    81 |   136 ||   217
